2380 views
Uploaded 2022-04-20 16:09:38
Game version 1.32.10
22:59 long 4on4 ladder game on (8)Battleground_LV
Saved by xzz
2380 views
Uploaded 2022-04-20 16:09:38
Game version 1.32.10
22:59 long 4on4 ladder game on (8)Battleground_LV


168 units @ 23.2k
/ 3.5k
87 buildings @ 12.1k
/ 5k


| Scroll of Regeneration | 3 | 300 |
| Lesser Clarity Potion | 3 | 210 |
| Potion of Healing | 1 | 150 |
| Scroll of Town Portal | 3 | 1050 |
| total: | 10 | 1710g |
| Peasant | 8 | 600 | / | 0 |
| Footman | 3 | 405 | / | 0 |
| Rifleman | 12 | 2460 | / | 360 |
| Priest | 7 | 945 | / | 70 |
| Spell Breaker | 2 | 430 | / | 60 |
| Flying Machine | 6 | 600 | / | 180 |
| Knight | 2 | 490 | / | 120 |
| total: | 40 | 5930g | / | 790w |
| Scout Tower | 2 | 60 | / | 40 |
| Arcane Tower | 1 | 70 | / | 50 |
| Altar of Kings | 1 | 180 | / | 50 |
| Barracks | 1 | 160 | / | 60 |
| Farm | 11 | 880 | / | 220 |
| Blacksmith | 1 | 140 | / | 60 |
| Lumber Mill | 1 | 120 | / | 0 |
| Arcane Vault | 1 | 130 | / | 30 |
| Arcane Sanctum | 1 | 150 | / | 140 |
| Workshop | 2 | 280 | / | 280 |
| Keep | 1 | 320 | / | 210 |
| Castle | 1 | 360 | / | 210 |
| total: | 21 | 2100g | / | 880w |
| 0:04 | Peasant |
| 0:04 | Peasant |
| 0:12 | Altar of Kings |
| 0:20 | Barracks |
| 0:26 | Peasant |
| 0:36 | Farm |
| 0:42 | Peasant |
| 0:59 | Peasant |
| 1:11 | Peasant |
| 1:26 | Farm |
| 1:35 | Scout Tower |
| 1:38 | Footman |
| 1:57 | Blacksmith |
| 2:08 | Peasant |
| 2:08 | Peasant |
| 2:09 | Footman |
| 2:12 | Arcane Tower |
| 2:18 | Summon Water Elemental |
| 2:36 | Footman |
| 2:58 | Lumber Mill |
| 3:02 | Farm |
| 3:18 | Arcane Vault |
| 3:27 | Keep |
| 3:41 | Brilliance Aura |
| 3:50 | Rifleman |
| 3:53 | Black Gunpowder |
| 4:03 | Farm |
| 4:31 | Rifleman |
| 4:52 | Farm |
| 5:03 | Studded Leather Armor |
| 5:52 | Scroll of Regeneration |
| 5:53 | Lesser Clarity Potion |
| 6:05 | Arcane Sanctum |
| 6:10 | Improved Lumber Harvesting |
| 6:23 | Rifleman |
| 6:58 | Rifleman |
| 7:05 | Storm Bolt |
| 7:12 | Summon Water Elemental |
| 7:18 | Scroll of Town Portal |
| 7:22 | Scroll of Regeneration |
| 7:30 | Long Rifles |
| 8:04 | Castle |
| 8:27 | Priest Adept Training |
| 8:30 | Refined Gunpowder |
| 8:33 | Scout Tower |
| 9:37 | Priest |
| 9:39 | Rifleman |
| 9:53 | Scroll of Town Portal |
| 9:59 | Scroll of Regeneration |
| 10:08 | Priest |
| 10:27 | Priest Master Training |
| 10:34 | Farm |
| 11:08 | Spell Breaker |
| 11:10 | Rifleman |
| 11:52 | Bash |
| 11:53 | Rifleman |
| 11:54 | Priest |
| 12:20 | Brilliance Aura |
| 12:30 | Priest |
| 12:52 | Rifleman |
| 13:15 | Lesser Clarity Potion |
| 13:24 | Rifleman |
| 13:44 | Potion of Healing |
| 13:50 | Rifleman |
| 14:02 | Farm |
| 14:34 | Imbued Gunpowder |
| 14:46 | Storm Bolt |
| 15:02 | Rifleman |
| 15:05 | Reinforced Leather Armor |
| 15:46 | Rifleman |
| 15:54 | Improved Masonry |
| 16:05 | Farm |
| 16:06 | Farm |
| 16:07 | Farm |
| 16:36 | Farm |
| 16:44 | Scroll of Town Portal |
| 17:16 | Workshop |
| 17:18 | Workshop |
| 17:38 | Priest |
| 19:10 | Flak Cannons |
| 19:10 | Flying Machine Bombs |
| 19:26 | Priest |
| 19:53 | Flying Machine |
| 19:53 | Flying Machine |
| 20:04 | Flying Machine |
| 20:15 | Knight |
| 20:20 | Flying Machine |
| 20:33 | Flying Machine |
| 20:38 | Priest |
| 20:41 | Spell Breaker |
| 20:51 | Flying Machine |
| 20:59 | Knight |
| 21:03 | Lesser Clarity Potion |
| Right click | 779 |
| Select group | 465 |
| Select | 434 |
| Build/train/purchase | 113 |
| Assign group | 73 |
| Use ability | 28 |
| Misc. action | 26 |
| Minimap ping | 7 |
| Resource trade | 5 |
| Item give/drop | 2 |
| Remove unit | 1 |


| Lesser Clarity Potion | 2 | 140 |
| Scroll of Town Portal | 3 | 1050 |
| Periapt of Vitality | 2 | 650 |
| total: | 7 | 1840g |
| Wisp | 23 | 1380 | / | 0 |
| Archer | 19 | 2470 | / | 190 |
| Dryad | 16 | 2320 | / | 960 |
| total: | 58 | 6170g | / | 1150w |
| Altar of Elders | 2 | 360 | / | 100 |
| Moon Well | 10 | 1800 | / | 400 |
| Ancient of War | 1 | 150 | / | 60 |
| Ancient of Wonders | 1 | 90 | / | 30 |
| Hunter's Hall | 1 | 210 | / | 100 |
| Tree of Life | 2 | 680 | / | 370 |
| Ancient of Lore | 3 | 465 | / | 435 |
| Tree of Ages | 1 | 320 | / | 180 |
| Tree of Eternity | 1 | 330 | / | 200 |
| total: | 20 | 3755g | / | 1495w |
| 0:03 | Wisp |
| 0:03 | Wisp |
| 0:03 | Wisp |
| 0:09 | Altar of Elders |
| 0:18 | Moon Well |
| 0:33 | Wisp |
| 0:34 | Wisp |
| 0:46 | Ancient of War |
| 0:48 | Wisp |
| 0:54 | Wisp |
| 1:16 | Wisp |
| 1:33 | Moon Well |
| 1:43 | Ancient of Wonders |
| 1:48 | Archer |
| 1:57 | Archer |
| 2:10 | Force of Nature |
| 2:18 | Archer |
| 2:26 | Wisp |
| 2:31 | Archer |
| 2:53 | Archer |
| 3:11 | Archer |
| 3:26 | Tree of Ages |
| 3:41 | Entangling Roots |
| 3:59 | Hunter's Hall |
| 4:05 | Moon Well |
| 4:24 | Tree of Life |
| 4:41 | Archer |
| 5:05 | Moon Well |
| 5:41 | Archer |
| 6:01 | Archer |
| 6:13 | Ancient of Lore |
| 6:19 | Wisp |
| 6:28 | Lesser Clarity Potion |
| 6:32 | Wisp |
| 6:42 | Wisp |
| 6:48 | Wisp |
| 7:01 | Trueshot Aura |
| 7:13 | Archer |
| 7:14 | Wisp |
| 7:14 | Wisp |
| 7:24 | Entangling Roots |
| 7:29 | Improved Bows |
| 7:31 | Dryad |
| 7:45 | Abolish Magic |
| 7:50 | Ancient of Lore |
| 8:45 | Dryad |
| 8:55 | Wisp |
| 8:55 | Wisp |
| 8:55 | Wisp |
| 9:09 | Dryad |
| 9:11 | Wisp |
| 9:11 | Wisp |
| 9:18 | Lesser Clarity Potion |
| 9:24 | Dryad |
| 9:25 | Archer |
| 9:25 | Archer |
| 9:53 | Dryad |
| 9:54 | Archer |
| 9:59 | Wisp |
| 9:59 | Wisp |
| 10:14 | Archer |
| 10:33 | Ancient of Lore |
| 10:36 | Periapt of Vitality |
| 10:38 | Scroll of Town Portal |
| 10:50 | Dryad |
| 11:11 | Dryad |
| 11:11 | Archer |
| 11:41 | Scout |
| 11:46 | Archer |
| 11:48 | Tree of Eternity |
| 12:17 | Dryad |
| 12:28 | Dryad |
| 12:28 | Dryad |
| 12:37 | Force of Nature |
| 12:41 | Dryad |
| 12:41 | Archer |
| 12:49 | Strength of the Wild |
| 12:58 | Scroll of Town Portal |
| 13:14 | Dryad |
| 13:17 | Moon Well |
| 13:37 | Dryad |
| 14:13 | Dryad |
| 14:34 | Trueshot Aura |
| 15:12 | Archer |
| 15:30 | Moon Well |
| 15:32 | Wisp |
| 15:39 | Periapt of Vitality |
| 15:40 | Scroll of Town Portal |
| 16:10 | Dryad |
| 16:38 | Archer |
| 16:38 | Dryad |
| 17:37 | Moon Well |
| 18:06 | Marksmanship |
| 18:48 | Searing Arrows |
| 18:54 | Force of Nature |
| 19:16 | Moon Well |
| 19:18 | Altar of Elders |
| 19:25 | Moon Well |
| 19:33 | Moon Well |
| 20:28 | Tree of Life |
| Right click | 717 |
| Select | 617 |
| Select group | 585 |
| Build/train/purchase | 100 |
| Use ability | 65 |
| Assign group | 32 |
| Chat | 24 |
| Minimap ping | 12 |
| Resource trade | 5 |
| Esc | 4 |
| Misc. action | 3 |
| Item give/drop | 1 |

| Healing Salve | 2 | 200 |
| Lesser Clarity Potion | 3 | 210 |
| Orb of Lightning | 2 | 750 |
| Tiny Great Hall | 1 | 600 |
| Potion of Mana | 1 | 200 |
| Potion of Healing | 1 | 150 |
| Scroll of Regeneration | 1 | 100 |
| total: | 11 | 2210g |
| Peon | 12 | 900 | / | 0 |
| Grunt | 3 | 600 | / | 0 |
| Tauren | 6 | 1680 | / | 480 |
| total: | 21 | 3180g | / | 480w |
| Watch Tower | 7 | 770 | / | 560 |
| Altar of Storms | 2 | 360 | / | 100 |
| Orc Burrow | 9 | 1440 | / | 360 |
| Barracks | 1 | 180 | / | 50 |
| Voodoo Lounge | 1 | 130 | / | 30 |
| War Mill | 1 | 205 | / | 0 |
| Great Hall | 1 | 385 | / | 185 |
| Tauren Totem | 2 | 270 | / | 310 |
| Stronghold | 1 | 315 | / | 190 |
| Fortress | 1 | 325 | / | 190 |
| total: | 24 | 3740g | / | 1595w |
| 0:03 | Altar of Storms |
| 0:05 | Orc Burrow |
| 0:06 | Peon |
| 0:07 | Peon |
| 0:18 | Peon |
| 0:26 | Peon |
| 1:04 | Barracks |
| 1:08 | Peon |
| 1:09 | Peon |
| 1:17 | Voodoo Lounge |
| 1:41 | Orc Burrow |
| 1:53 | Peon |
| 1:56 | Peon |
| 2:09 | Grunt |
| 2:11 | Wind Walk |
| 3:13 | Grunt |
| 3:15 | Stronghold |
| 3:39 | War Mill |
| 3:48 | Healing Salve |
| 3:49 | Lesser Clarity Potion |
| 4:30 | Grunt |
| 4:37 | Orc Burrow |
| 5:13 | Critical Strike |
| 5:25 | Steel Armor |
| 5:26 | Steel Melee Weapons |
| 5:36 | Orc Burrow |
| 5:39 | Fortress |
| 5:42 | Tauren Totem |
| 5:52 | Tauren Totem |
| 7:10 | Wind Walk |
| 7:31 | Healing Salve |
| 7:35 | Lesser Clarity Potion |
| 7:47 | Great Hall |
| 8:02 | Tauren |
| 8:03 | Tauren |
| 8:13 | Thorium Melee Weapons |
| 8:31 | Orb of Lightning |
| 8:31 | Orb of Lightning |
| 10:30 | Tauren |
| 10:31 | Pulverize |
| 10:46 | Tiny Great Hall |
| 11:42 | Watch Tower |
| 11:43 | Watch Tower |
| 12:00 | Peon |
| 12:01 | Peon |
| 12:01 | Peon |
| 12:01 | Peon |
| 12:17 | Watch Tower |
| 12:24 | Watch Tower |
| 12:56 | Tauren |
| 12:56 | Tauren |
| 13:07 | Orc Burrow |
| 13:46 | Watch Tower |
| 14:35 | Critical Strike |
| 15:10 | Tauren |
| 15:14 | Orc Burrow |
| 16:58 | Orc Burrow |
| 17:00 | Orc Burrow |
| 17:03 | Watch Tower |
| 17:22 | Altar of Storms |
| 17:25 | Watch Tower |
| 17:28 | Orc Burrow |
| 19:40 | Lesser Clarity Potion |
| 19:41 | Scroll of Regeneration |
| 19:46 | Potion of Mana |
| 19:48 | Potion of Healing |
| Right click | 445 |
| Select | 226 |
| Assign group | 80 |
| Build/train/purchase | 74 |
| Select group | 41 |
| Resource trade | 20 |
| Use ability | 13 |
| Chat | 4 |
| Item give/drop | 3 |
| Misc. action | 2 |
| Remove unit | 1 |
| Minimap ping | 1 |


| Potion of Healing | 1 | 150 |
| Scroll of Town Portal | 4 | 1400 |
| total: | 5 | 1550g |
| Peasant | 19 | 1425 | / | 0 |
| Footman | 7 | 945 | / | 0 |
| Rifleman | 9 | 1845 | / | 270 |
| Gryphon Rider | 11 | 3080 | / | 770 |
| Dragonhawk Rider | 2 | 400 | / | 60 |
| Forest Troll Shadow Priest | 1 | 195 | / | 10 |
| total: | 49 | 7890g | / | 1110w |
| Scout Tower | 3 | 90 | / | 60 |
| Arcane Tower | 1 | 70 | / | 50 |
| Altar of Kings | 2 | 360 | / | 100 |
| Farm | 10 | 800 | / | 200 |
| Barracks | 1 | 160 | / | 60 |
| Lumber Mill | 1 | 120 | / | 0 |
| Blacksmith | 1 | 140 | / | 60 |
| Arcane Vault | 1 | 130 | / | 30 |
| Town Hall | 1 | 385 | / | 205 |
| Gryphon Aviary | 1 | 140 | / | 150 |
| Arcane Sanctum | 1 | 150 | / | 140 |
| Keep | 1 | 320 | / | 210 |
| Castle | 1 | 360 | / | 210 |
| total: | 22 | 2475g | / | 1005w |
| 0:06 | Altar of Kings |
| 0:08 | Farm |
| 0:17 | Altar of Kings |
| 0:19 | Farm |
| 0:24 | Peasant |
| 0:25 | Peasant |
| 0:25 | Peasant |
| 0:46 | Peasant |
| 0:46 | Peasant |
| 1:46 | Peasant |
| 1:47 | Peasant |
| 1:47 | Peasant |
| 1:52 | Barracks |
| 2:18 | Farm |
| 2:23 | Summon Water Elemental |
| 2:26 | Peasant |
| 2:26 | Peasant |
| 3:26 | Footman |
| 3:26 | Footman |
| 3:30 | Peasant |
| 3:30 | Peasant |
| 4:07 | Keep |
| 4:25 | Footman |
| 4:25 | Footman |
| 5:28 | Lumber Mill |
| 5:44 | Farm |
| 6:00 | Blacksmith |
| 6:06 | Footman |
| 6:06 | Footman |
| 6:10 | Farm |
| 6:15 | Brilliance Aura |
| 6:25 | Arcane Vault |
| 6:32 | Scout Tower |
| 6:34 | Farm |
| 6:35 | Farm |
| 6:40 | Footman |
| 6:42 | Improved Lumber Harvesting |
| 6:51 | Farm |
| 6:59 | Gryphon Aviary |
| 7:01 | Castle |
| 7:28 | Forest Troll Shadow Priest |
| 7:50 | Arcane Sanctum |
| 7:52 | Farm |
| 7:53 | Farm |
| 8:36 | Rifleman |
| 8:36 | Rifleman |
| 8:36 | Long Rifles |
| 9:06 | Scroll of Town Portal |
| 9:34 | Town Hall |
| 9:57 | Black Gunpowder |
| 9:57 | Studded Leather Armor |
| 10:06 | Peasant |
| 10:07 | Peasant |
| 10:19 | Summon Water Elemental |
| 10:28 | Advanced Lumber Harvesting |
| 10:50 | Iron Plating |
| 11:13 | Rifleman |
| 11:13 | Rifleman |
| 11:38 | Backpack |
| 12:10 | Rifleman |
| 12:22 | Peasant |
| 12:22 | Peasant |
| 12:23 | Peasant |
| 12:48 | Rifleman |
| 12:48 | Rifleman |
| 13:46 | Holy Light |
| 13:53 | Storm Hammers |
| 13:55 | Gryphon Rider |
| 13:55 | Gryphon Rider |
| 13:55 | Gryphon Rider |
| 14:27 | Peasant |
| 14:28 | Peasant |
| 14:36 | Improved Masonry |
| 14:38 | Refined Gunpowder |
| 14:38 | Reinforced Leather Armor |
| 15:15 | Rifleman |
| 15:15 | Rifleman |
| 15:25 | Scroll of Town Portal |
| 15:26 | Scroll of Town Portal |
| 15:49 | Gryphon Rider |
| 15:49 | Gryphon Rider |
| 15:58 | Scout Tower |
| 15:59 | Scout Tower |
| 16:32 | Gryphon Rider |
| 16:32 | Gryphon Rider |
| 17:00 | Divine Shield |
| 17:08 | Arcane Tower |
| 17:15 | Potion of Healing |
| 17:26 | Priest Adept Training |
| 17:37 | Scroll of Town Portal |
| 17:59 | Gryphon Rider |
| 17:59 | Gryphon Rider |
| 18:08 | Dragonhawk Rider |
| 18:08 | Dragonhawk Rider |
| 18:36 | Gryphon Rider |
| 18:39 | Animal War Training |
| 19:52 | Cloud |
| 20:14 | Gryphon Rider |
| Right click | 846 |
| Select | 252 |
| Select group | 173 |
| Build/train/purchase | 96 |
| Assign group | 47 |
| Chat | 10 |
| Use ability | 9 |
| Minimap ping | 6 |
| Remove unit | 4 |
| Esc | 1 |
170 units @ 20.4k
/ 2.3k
81 buildings @ 13.5k
/ 6.2k

| Lesser Clarity Potion | 4 | 280 |
| Healing Salve | 3 | 300 |
| Scroll of Speed | 2 | 100 |
| Potion of Healing | 1 | 150 |
| Scroll of Town Portal | 2 | 700 |
| total: | 12 | 1530g |
| Peon | 10 | 750 | / | 0 |
| Wind Rider | 6 | 1590 | / | 240 |
| Troll Batrider | 5 | 800 | / | 200 |
| Forest Troll Shadow Priest | 1 | 195 | / | 10 |
| Mud Golem | 1 | 145 | / | 10 |
| Forest Troll Berserker | 1 | 245 | / | 30 |
| total: | 24 | 3725g | / | 490w |
| Watch Tower | 11 | 1210 | / | 880 |
| Altar of Storms | 2 | 360 | / | 100 |
| Orc Burrow | 5 | 800 | / | 200 |
| War Mill | 1 | 205 | / | 0 |
| Voodoo Lounge | 1 | 130 | / | 30 |
| Great Hall | 1 | 385 | / | 185 |
| Beastiary | 3 | 435 | / | 420 |
| Stronghold | 1 | 315 | / | 190 |
| Fortress | 1 | 325 | / | 190 |
| total: | 24 | 3525g | / | 1815w |
| 0:39 | Altar of Storms |
| 0:41 | Orc Burrow |
| 0:43 | Peon |
| 0:43 | Peon |
| 1:28 | Peon |
| 1:31 | War Mill |
| 1:55 | Peon |
| 2:05 | Peon |
| 2:28 | Peon |
| 2:53 | Hex |
| 2:58 | Orc Burrow |
| 3:04 | Watch Tower |
| 3:06 | Peon |
| 3:06 | Peon |
| 3:34 | Watch Tower |
| 3:44 | Peon |
| 3:44 | Peon |
| 3:59 | Voodoo Lounge |
| 4:41 | Stronghold |
| 5:34 | Serpent Ward |
| 6:06 | Watch Tower |
| 6:24 | Lesser Clarity Potion |
| 6:24 | Healing Salve |
| 6:24 | Scroll of Speed |
| 6:26 | Lesser Clarity Potion |
| 7:08 | Beastiary |
| 7:11 | Beastiary |
| 7:45 | Forest Troll Shadow Priest |
| 7:47 | Mud Golem |
| 8:08 | Forest Troll Berserker |
| 8:39 | Serpent Ward |
| 8:42 | Wind Rider |
| 9:00 | Potion of Healing |
| 9:10 | Reinforced Defenses |
| 9:12 | Watch Tower |
| 9:14 | Watch Tower |
| 9:16 | Watch Tower |
| 9:38 | Troll Batrider |
| 9:50 | Beastiary |
| 10:04 | Orc Burrow |
| 10:39 | Troll Batrider |
| 10:49 | Lesser Clarity Potion |
| 10:50 | Healing Salve |
| 10:50 | Scroll of Speed |
| 11:08 | Wind Rider |
| 11:17 | Wind Rider |
| 11:22 | Orc Burrow |
| 11:26 | Steel Armor |
| 12:14 | Wind Rider |
| 12:16 | Wind Rider |
| 12:28 | Scroll of Town Portal |
| 13:07 | Scroll of Town Portal |
| 14:05 | Altar of Storms |
| 14:16 | Healing Salve |
| 14:16 | Lesser Clarity Potion |
| 14:46 | Hex |
| 15:54 | Fortress |
| 16:41 | Wind Rider |
| 18:24 | Envenomed Spears |
| 18:26 | Liquid Fire |
| 19:32 | Troll Batrider |
| 20:01 | Troll Batrider |
| 20:06 | Orc Burrow |
| 20:50 | Great Hall |
| 20:53 | Watch Tower |
| 20:53 | Watch Tower |
| 20:54 | Watch Tower |
| 20:54 | Watch Tower |
| 20:55 | Watch Tower |
| 21:32 | Troll Batrider |
| 22:36 | Thorium Armor |
| 22:37 | Steel Ranged Weapons |
| Right click | 848 |
| Select | 273 |
| Select group | 149 |
| Build/train/purchase | 68 |
| Use ability | 47 |
| Chat | 27 |
| Assign group | 25 |
| Misc. action | 1 |
| Item give/drop | 1 |
| Remove unit | 1 |
| Esc | 1 |
| Minimap ping | 1 |

| Moonstone | 4 | 200 |
| Anti-magic Potion | 1 | 100 |
| Scroll of Town Portal | 3 | 1050 |
| Boots of Speed | 1 | 250 |
| total: | 9 | 1600g |
| Wisp | 20 | 1200 | / | 0 |
| Archer | 19 | 2470 | / | 190 |
| Druid of the Claw | 4 | 1020 | / | 320 |
| total: | 43 | 4690g | / | 510w |
| Moon Well | 8 | 1440 | / | 320 |
| Altar of Elders | 1 | 180 | / | 50 |
| Ancient of War | 2 | 300 | / | 120 |
| Ancient of Wonders | 1 | 90 | / | 30 |
| Hunter's Hall | 1 | 210 | / | 100 |
| Tree of Life | 1 | 340 | / | 185 |
| Ancient of Lore | 1 | 155 | / | 145 |
| Tree of Ages | 1 | 320 | / | 180 |
| Tree of Eternity | 1 | 330 | / | 200 |
| total: | 15 | 2715g | / | 950w |
| 0:06 | Wisp |
| 0:06 | Wisp |
| 0:24 | Moon Well |
| 0:24 | Wisp |
| 0:38 | Altar of Elders |
| 0:39 | Wisp |
| 1:06 | Wisp |
| 1:06 | Wisp |
| 1:07 | Wisp |
| 1:07 | Wisp |
| 1:19 | Wisp |
| 1:29 | Moon Well |
| 1:41 | Ancient of War |
| 1:47 | Wisp |
| 2:09 | Ancient of Wonders |
| 2:29 | Wisp |
| 2:37 | Hunter's Hall |
| 2:43 | Searing Arrows |
| 3:03 | Archer |
| 3:03 | Archer |
| 3:17 | Moon Well |
| 3:27 | Archer |
| 3:42 | Ultravision |
| 3:43 | Archer |
| 4:03 | Ancient of War |
| 4:12 | Strength of the Moon |
| 4:32 | Archer |
| 4:32 | Archer |
| 4:39 | Wisp |
| 4:56 | Tree of Ages |
| 5:22 | Moon Armor |
| 5:27 | Trueshot Aura |
| 5:47 | Archer |
| 6:19 | Archer |
| 6:59 | Tree of Life |
| 7:20 | Improved Bows |
| 7:38 | Trueshot Aura |
| 7:44 | Tree of Eternity |
| 8:01 | Boots of Speed |
| 8:16 | Archer |
| 8:24 | Ancient of Lore |
| 8:32 | Moonstone |
| 8:52 | Archer |
| 8:55 | Improved Strength of the Moon |
| 9:40 | Archer |
| 9:41 | Druid of the Claw |
| 10:08 | Marksmanship |
| 10:10 | Druid of the Claw Adept Training |
| 10:12 | Well Spring |
| 10:14 | Wisp |
| 10:14 | Wisp |
| 10:46 | Druid of the Claw Master Training |
| 11:22 | Mark of the Claw |
| 11:32 | Moon Well |
| 11:34 | Moon Well |
| 11:37 | Moon Well |
| 11:53 | Moonstone |
| 11:58 | Scroll of Town Portal |
| 11:59 | Anti-magic Potion |
| 12:12 | Archer |
| 12:12 | Archer |
| 12:28 | Searing Arrows |
| 13:02 | Druid of the Claw |
| 13:04 | Archer |
| 13:07 | Wisp |
| 13:07 | Wisp |
| 14:32 | Trueshot Aura |
| 14:37 | Druid of the Claw |
| 14:40 | Advanced Strength of the Moon |
| 14:40 | Improved Moon Armor |
| 14:53 | Moonstone |
| 14:58 | Wisp |
| 14:59 | Wisp |
| 14:59 | Wisp |
| 15:00 | Wisp |
| 15:25 | Scroll of Town Portal |
| 15:41 | Nature's Blessing |
| 16:52 | Druid of the Claw |
| 17:33 | Archer |
| 17:40 | Hardened Skin |
| 17:41 | Resistant Skin |
| 17:46 | Moon Well |
| 17:53 | Moon Well |
| 18:16 | Moonstone |
| 18:21 | Scroll of Town Portal |
| 18:29 | Starfall |
| 19:54 | Archer |
| 19:57 | Advanced Moon Armor |
| 20:56 | Archer |
| 20:57 | Archer |
| 20:57 | Archer |
| Right click | 883 |
| Select group | 814 |
| Select | 324 |
| Build/train/purchase | 103 |
| Chat | 101 |
| Misc. action | 37 |
| Assign group | 24 |
| Minimap ping | 20 |
| Use ability | 13 |
| Item give/drop | 5 |
| Resource trade | 5 |
| Remove unit | 1 |


| Moonstone | 2 | 100 |
| Orb of Venom | 1 | 325 |
| Scroll of Town Portal | 2 | 700 |
| total: | 5 | 1125g |
| Wisp | 29 | 1740 | / | 0 |
| Archer | 16 | 2080 | / | 160 |
| Hippogryph | 9 | 1440 | / | 180 |
| total: | 54 | 5260g | / | 340w |
| Ancient Protector | 3 | 405 | / | 240 |
| Ancient of War | 3 | 450 | / | 180 |
| Altar of Elders | 1 | 180 | / | 50 |
| Moon Well | 6 | 1080 | / | 240 |
| Ancient of Wonders | 1 | 90 | / | 30 |
| Hunter's Hall | 1 | 210 | / | 100 |
| Tree of Life | 2 | 680 | / | 370 |
| Ancient of Wind | 2 | 300 | / | 280 |
| Tree of Ages | 1 | 320 | / | 180 |
| Tree of Eternity | 1 | 330 | / | 200 |
| total: | 19 | 3395g | / | 1490w |
| 0:07 | Wisp |
| 0:11 | Ancient of War |
| 0:17 | Altar of Elders |
| 0:23 | Moon Well |
| 0:25 | Wisp |
| 0:39 | Wisp |
| 0:46 | Wisp |
| 0:46 | Wisp |
| 0:56 | Wisp |
| 1:05 | Wisp |
| 1:16 | Archer |
| 1:23 | Wisp |
| 1:39 | Moon Well |
| 1:42 | Wisp |
| 1:54 | Archer |
| 2:06 | Ancient of Wonders |
| 2:12 | Wisp |
| 2:20 | Fan of Knives |
| 2:30 | Archer |
| 2:32 | Wisp |
| 2:41 | Wisp |
| 3:05 | Tree of Ages |
| 3:26 | Blink |
| 3:30 | Archer |
| 3:35 | Moon Well |
| 4:13 | Hunter's Hall |
| 4:19 | Archer |
| 4:19 | Archer |
| 4:39 | Tree of Life |
| 4:56 | Moon Well |
| 5:21 | Fan of Knives |
| 5:55 | Ancient of Wind |
| 6:08 | Ancient of Wind |
| 6:09 | Wisp |
| 6:30 | Trueshot Aura |
| 6:42 | Ancient of War |
| 7:05 | Archer |
| 7:08 | Wisp |
| 7:08 | Wisp |
| 7:21 | Moon Well |
| 7:36 | Wisp |
| 7:49 | Ancient Protector |
| 7:56 | Improved Bows |
| 8:00 | Wisp |
| 8:05 | Hippogryph |
| 8:51 | Tree of Life |
| 9:15 | Hippogryph |
| 9:17 | Archer |
| 9:21 | Scout |
| 9:41 | Moonstone |
| 9:55 | Scroll of Town Portal |
| 10:23 | Hippogryph |
| 10:23 | Hippogryph |
| 11:02 | Archer |
| 11:50 | Wisp |
| 11:56 | Moonstone |
| 12:25 | Wisp |
| 12:25 | Wisp |
| 12:27 | Nature's Blessing |
| 12:35 | Hippogryph |
| 12:51 | Ultravision |
| 12:57 | Hippogryph |
| 12:59 | Archer |
| 13:26 | Archer |
| 13:37 | Hippogryph |
| 13:56 | Archer |
| 13:59 | Strength of the Moon |
| 14:09 | Wisp |
| 14:13 | Moon Well |
| 14:26 | Wisp |
| 14:27 | Wisp |
| 14:30 | Ancient Protector |
| 14:44 | Ancient Protector |
| 15:01 | Wisp |
| 15:02 | Wisp |
| 15:02 | Wisp |
| 15:31 | Blink |
| 15:35 | Wisp |
| 15:35 | Wisp |
| 15:52 | Hippogryph |
| 15:54 | Archer |
| 16:28 | Wisp |
| 16:39 | Hippogryph |
| 16:40 | Archer |
| 16:52 | Trueshot Aura |
| 17:01 | Tree of Eternity |
| 17:37 | Moon Armor |
| 17:37 | Improved Strength of the Moon |
| 18:50 | Fan of Knives |
| 19:11 | Ancient of War |
| 19:21 | Scroll of Town Portal |
| 19:24 | Orb of Venom |
| 19:35 | Marksmanship |
| 19:35 | Archer |
| 19:36 | Archer |
| 19:37 | Well Spring |
| 19:44 | Trueshot Aura |
| 19:44 | Searing Arrows |
| 20:29 | Strength of the Wild |
| 20:38 | Spirit of Vengeance |
| Right click | 700 |
| Select | 396 |
| Select group | 236 |
| Build/train/purchase | 120 |
| Assign group | 27 |
| Use ability | 17 |
| Minimap ping | 15 |
| Remove unit | 4 |
Maverick52
(21:26) : 

| Moonstone | 1 | 50 |
| Scroll of Town Portal | 6 | 2100 |
| Circlet of Nobility | 1 | 175 |
| Scroll of Speed | 2 | 100 |
| total: | 10 | 2425g |
| Wisp | 27 | 1620 | / | 0 |
| Archer | 5 | 650 | / | 50 |
| Druid of the Talon | 6 | 870 | / | 120 |
| Chimaera | 11 | 3630 | / | 770 |
| total: | 49 | 6770g | / | 940w |
| Ancient Protector | 3 | 405 | / | 240 |
| Moon Well | 10 | 1800 | / | 400 |
| Altar of Elders | 1 | 180 | / | 50 |
| Ancient of War | 1 | 150 | / | 60 |
| Hunter's Hall | 1 | 210 | / | 100 |
| Tree of Life | 1 | 340 | / | 185 |
| Ancient of Wonders | 1 | 90 | / | 30 |
| Ancient of Wind | 1 | 150 | / | 140 |
| Chimaera Roost | 4 | 560 | / | 760 |
| Tree of Ages | 1 | 320 | / | 180 |
| Tree of Eternity | 1 | 330 | / | 200 |
| total: | 23 | 3885g | / | 1965w |
| 0:03 | Wisp |
| 0:03 | Wisp |
| 0:09 | Wisp |
| 0:20 | Moon Well |
| 0:21 | Altar of Elders |
| 0:24 | Moon Well |
| 0:28 | Wisp |
| 0:40 | Wisp |
| 0:47 | Ancient of War |
| 0:48 | Wisp |
| 1:00 | Wisp |
| 1:00 | Wisp |
| 1:25 | Wisp |
| 1:30 | Moon Well |
| 1:35 | Moon Well |
| 1:41 | Wisp |
| 1:45 | Wisp |
| 1:46 | Wisp |
| 1:54 | Archer |
| 2:22 | Force of Nature |
| 2:37 | Archer |
| 2:38 | Archer |
| 2:42 | Tree of Ages |
| 3:19 | Archer |
| 3:32 | Hunter's Hall |
| 3:33 | Archer |
| 4:45 | Entangling Roots |
| 4:58 | Tree of Life |
| 5:05 | Tree of Eternity |
| 5:47 | Ancient Protector |
| 5:53 | Ancient Protector |
| 5:55 | Ancient Protector |
| 6:00 | Ancient of Wind |
| 6:58 | Moon Well |
| 7:00 | Scout |
| 7:16 | Wisp |
| 7:17 | Wisp |
| 7:17 | Wisp |
| 7:17 | Wisp |
| 7:17 | Wisp |
| 7:20 | Druid of the Talon |
| 7:20 | Druid of the Talon |
| 7:27 | Chimaera Roost |
| 7:55 | Chimaera Roost |
| 7:57 | Wisp |
| 7:58 | Wisp |
| 7:58 | Wisp |
| 7:58 | Wisp |
| 7:58 | Wisp |
| 7:59 | Wisp |
| 7:59 | Wisp |
| 9:03 | Chimaera |
| 9:06 | Druid of the Talon |
| 9:06 | Druid of the Talon |
| 9:08 | Wisp |
| 9:09 | Wisp |
| 9:52 | Chimaera |
| 9:54 | Moon Well |
| 9:56 | Wisp |
| 9:58 | Druid of the Talon |
| 9:58 | Druid of the Talon |
| 10:04 | Moon Well |
| 10:06 | Strength of the Wild |
| 10:45 | Corrosive Breath |
| 10:49 | Chimaera |
| 10:51 | Chimaera Roost |
| 10:53 | Chimaera Roost |
| 11:09 | Chimaera |
| 11:13 | Improved Strength of the Wild |
| 11:22 | Druid of the Talon Adept Training |
| 11:42 | Ancient of Wonders |
| 11:50 | Chimaera |
| 12:12 | Force of Nature |
| 12:41 | Chimaera |
| 12:58 | Moonstone |
| 13:08 | Moon Well |
| 13:18 | Advanced Strength of the Wild |
| 13:21 | Scroll of Town Portal |
| 13:44 | Scroll of Town Portal |
| 13:45 | Scroll of Speed |
| 14:12 | Entangling Roots |
| 15:01 | Chimaera |
| 15:06 | Reinforced Hides |
| 15:21 | Scroll of Town Portal |
| 16:05 | Chimaera |
| 16:09 | Improved Reinforced Hides |
| 17:03 | Thorns Aura |
| 17:12 | Trueshot Aura |
| 17:18 | Chimaera |
| 17:21 | Chimaera |
| 17:28 | Advanced Reinforced Hides |
| 18:03 | Scroll of Town Portal |
| 18:03 | Scroll of Speed |
| 19:00 | Trueshot Aura |
| 19:14 | Well Spring |
| 19:17 | Moon Well |
| 19:18 | Druid of the Talon Master Training |
| 19:20 | Tranquility |
| 19:30 | Scroll of Town Portal |
| 19:35 | Scroll of Town Portal |
| 19:36 | Circlet of Nobility |
| 20:51 | Chimaera |
| 20:53 | Moon Well |
| Right click | 674 |
| Select | 501 |
| Chat | 169 |
| Build/train/purchase | 98 |
| Use ability | 38 |
| Minimap ping | 32 |
| Misc. action | 12 |
| Remove unit | 8 |
| Resource trade | 5 |
⇛